 Dungeon Crawl Stone Soup version 0.30-a0-626-gd6a5dd7a1f (webtiles) character file.

Game seed: 12408402585985844297

80 mandoloar the Chopper (level 4, -1/39 HPs)
             Began as a Minotaur Fighter on Jan 11, 2023.
             Slain by Grinder (9 damage)
             ... on level 3 of the Dungeon.
             The game lasted 00:04:37 (2093 turns).

mandoloar the Chopper (Minotaur Fighter)            Turns: 2093, Time: 00:04:38

Health: -1/39      AC:  6    Str: 23    XL:     4   Next: 18%
Magic:  3/3        EV:  9    Int:  5    God:
Gold:   86         SH:  4    Dex:  9    Spells: 3/3 levels left

rFire   . . .      SeeInvis .    a - +0 war axe
rCold   . . .      Faith    .    c - +0 buckler
rNeg    . . .      Spirit   .    b - +0 scale mail
rPois   .          Reflect  .    (helmet restricted)
rElec   .          Harm     .    (no cloak)
rCorr   .          Rampage  .    (no gloves)
Will    .....                    (no boots) Stlth
                                 (no amulet)
HPRegen 0.26/turn                (no ring)
MPRegen 0.08/turn                (no ring)

@: no status effects
A: horns 2, retaliatory headbutt
a: no special abilities


You were on level 3 of the Dungeon.
You visited 1 branch of the dungeon, and saw 3 of its levels.

You collected 86 gold pieces.

Inventory:

Hand Weapons
 a - a +0 war axe (weapon)
Missiles
 e - 23 stones (quivered)
Armour
 b - a +0 scale mail (worn)
 c - a +0 buckler (worn)
Jewellery
 i - a +5 ring of evasion
Scrolls
 g - 2 scrolls of identify
 h - 2 scrolls of enchant armour
Potions
 d - a potion of might
 f - 2 potions of mutation
 j - 2 potions of flight
 l - a potion of brilliance


   Skills:
 - Level 3.6 Fighting
 + Level 5.4 Axes
 - Level 3.6 Armour
 - Level 3.6 Shields


You had 3 spell levels left.
You didn't know any spells.
Your spell library contained the following spells:

 Spells                   Type           Power      Damage    Failure   Level
 Freeze                   Ice            0%         1d3       86%         1
 Sandblast                Erth           0%         2d4       86%         1
 Cigotuvi's Dreadful Rot  Necr/Pois/Air  0%         N/A       95%         2
 Passwall                 Tmut/Erth      0%         N/A       95%         2
 Poisonous Vapours        Pois/Air       0%         N/A       95%         2
 Static Discharge         Conj/Air       0%         2-2/arc   95%         2
 Call Canine Familiar     Summ           0%         N/A       99%         3
 Frozen Ramparts          Ice            0%         1d1       99%         3
 Hailstorm                Conj/Ice       0%         3d3       99%         3
 Mephitic Cloud           Conj/Pois/Air  0%         N/A       99%         3
 Portal Projectile        Hex/Tloc       0%         N/A       99%         3
 Stone Arrow              Conj/Erth      0%         3d7       99%         3
 Vhi's Electric Charge    Tloc/Air       0%         N/A       99%         3
 Leda's Liquefaction      Hex/Erth       0%         N/A       100%        4
 Arcjolt                  Conj/Air       0%         1d10      100%        5
 Lightning Bolt           Conj/Air       0%         1d11      100%        5


Dungeon Overview and Level Annotations

Branches:
Dungeon (3/15)

Altars:
Qazlal

Annotations:
D:3 Grinder


Innate Abilities, Weirdness & Mutations

You have a pair of horns on your head.
You reflexively headbutt those who attack you in melee.


Message History

There is a large open door, spattered with blood here.
There is a stone staircase leading up here.
Things that are here:
a +0 whip; a +0 chain mail Grinder hits you but does no damage.
Things that are here:
a +0 whip; a +0 chain mail You barely miss Grinder.
Your headbutt misses Grinder. Grinder gestures at you.
You resist with significant effort.
You closely miss Grinder.
Grinder blinks!
Grinder hits you but does no damage.
You slash Grinder! Your headbutt misses Grinder.
Grinder is lightly wounded.
Grinder gestures at you. Pain shoots through your body!
Grinder barely misses you. You furiously retaliate!
You headbutt Grinder! You barely miss Grinder.
Grinder is heavily wounded.
Grinder hits you!
You writhe in agony.
You slash Grinder! Your headbutt misses Grinder.
Grinder is severely wounded.
Grinder hits you.
You writhe in agony.
You are too injured to fight recklessly!
You are too injured to fight recklessly!
You slash Grinder!
Grinder is almost dead.
Grinder hits you.
You writhe in agony.
* * * LOW HITPOINT WARNING * * *
Grinder blinks!
There is a stone staircase leading up here.
You barely miss Grinder. You headbutt Grinder.
Grinder is almost dead.
Grinder blinks!
Grinder gestures at you. You resist with significant effort.
There is a large open door, spattered with blood here.
Grinder says, "Just stop there for a second..."
Grinder hits you!
You die...

#######....# ###. ........#
#....######. .........#
#.##........ ..........#
#.##........
..........######.##........
..........##...#.##........
..........##...#.##........
..........##...#....#######
.........5@'.<.#....#
..........##)..#....#
..........##...#....#
.....?....##...'....#
...............#....#
########.......#....#
#.......#....#
#####...#....# ##+##....#


You could see Grinder.

Vanquished Creatures
  Terence (D:3)
  3 dart slugs
  4 orcs (D:3)
  3 endoplasms
  A giant cockroach (D:2)
  7 goblins
  5 hobgoblins
  A quokka (D:1)
  6 ball pythons
  3 bats (D:1)
  A frilled lizard (D:1)
  2 kobolds (D:1)
  3 rats
40 creatures vanquished.

Notes
Turn   | Place    | Note
-------+----------+-------------------------------------------
     0 | D:1      | mandoloar the Minotaur Fighter began the quest for the Orb.
     0 | D:1      | Reached XP level 1. HP: 19/19 MP: 0/0
   163 | D:1      | Reached skill level 3 in Axes
   322 | D:1      | Reached XP level 2. HP: 25/26 MP: 1/1
   384 | D:1      | Reached skill level 4 in Axes
   700 | D:2      | Reached XP level 3. HP: 31/31 MP: 2/2
  1732 | D:3      | Noticed a fire elemental
  1734 | D:3      | Found a stormy altar of Qazlal.
  1736 | D:3      | Noticed an air elemental
  1736 | D:3      | Noticed a water elemental
  1736 | D:3      | Noticed an earth elemental
  1959 | D:3      | Reached skill level 5 in Axes
  1959 | D:3      | Noticed Terence
  1967 | D:3      | Killed Terence
  1968 | D:3      | Reached XP level 4. HP: 18/39 MP: 3/3
  2062 | D:3      | Noticed Grinder
  2093 | D:3      | Slain by Grinder

Illustrated notes

Levels and vault maps discovered:
D:1:      minmay_arrival_shoal_huts, layout_basic, minmay_tetromino_t2
D:2:      layout_loops_ring, st_stairs_6, minmay_misc_feat_rows
D:3:      layout_basic, nicolae_qazlal_style_of_elements, uniq_grinder,
          uniq_terence

Skill      XL: |  1  2  3 |
---------------+----------+-----
Axes           | 3 4 5 |  5.4
Fighting       | |  3.6
Armour         | |  3.6
Shields        | |  3.6

Action                   |  1- 3 |  4- 6 || total
-------------------------+-------+-------++-------
Melee: War axe           |    97 |     7 ||   104
       Headbutt          |    13 |     1 ||    14
Throw: Stone             |       |     1 ||     1
  Use: Scroll            |     5 |     1 ||     6
Armor: Scale mail        |    38 |     2 ||    40
Dodge: Dodged            |    42 |     1 ||    43
Block: Buckler           |    23 |       ||    23

Table legend: (Time is in decaauts)
 A = Elapsed time spent in this place.
 B = Non-inter-level travel time spent in this place.
 C = Inter-level travel time spent in this place.
 D = Time resting spent in this place.
 E = Time spent auto-exploring this place.
 F = Levels seen in this place.
 G = Mean time per level.
                   A        B        C        D        E       F      G
               +--------+--------+--------+--------+--------+-----+--------+
         Total |   2130 |   2049 |     81 |    354 |   1316 |   3 |  710.0 |
       Dungeon |   2130 |   2049 |     81 |    354 |   1316 |   3 |  710.0 |
               +--------+--------+--------+--------+--------+-----+--------+

Top non-repeatable levels by time:
     D:2: 813 daAuts
     D:1: 715 daAuts
     D:3: 601 daAuts
